 Dungeon Crawl Stone Soup version 0.27-a0-597-g524d869a0f (webtiles) character file.

Game seed: 2483430960328411999

12401 kae the Grappler (level 11, 0/97 HPs)
             Began as a Naga Transmuter on Mar 11, 2021.
             Was a High Priest of Cheibriados.
             Slain by a two-headed ogre
             ... wielding a +0 giant club
              (11 damage)
             ... on level 11 of the Dungeon.
             The game lasted 00:10:07 (13149 turns).

kae the Grappler (Naga Transmuter)                 Turns: 13149, Time: 00:10:08

Health: 0/97       AC:  9    Str: 29    XL:     11   Next: 92%
Magic:  23/29      EV: 14    Int: 26    God:    Cheibriados [*****.]
Gold:   767        SH:  0    Dex: 25    Spells: 9/22 levels left

rFire    . . .     SeeInvis +     - Unarmed
rCold    + . .     Faith    .   (shield currently unavailable)
rNeg     . . .     Spirit   .   a - +0 robe
rPois    +         Reflect  .   (no helmet)
rElec    .         Harm     .   c - +1 cloak
rCorr    .         Rampage  .   (gloves currently unavailable)
Will     +....                  (no barding)
Stlth    ++........             i - amulet of regeneration
HPRegen  1.26/turn              h - ring of magical power
MPRegen  0.21/turn              x - ring of protection from cold

@: short of breath, blade hands, studying Slings, very slow
A: large, slimy green scales 1, see invisible, deformed body, poison resistance,
slowness 2, spit poison 1, MP-powered wands, naga tail 1, AC +3
a: Spit Poison, End Transformation, Renounce Religion, Bend Time, Temporal
Distortion, Slouch, Step From Time


You were on level 11 of the Dungeon.
You worshipped Cheibriados.
Cheibriados was extremely pleased with you.
You had blades for hands.
You visited 2 branches of the dungeon, and saw 12 of its levels.

You collected 767 gold pieces.

Inventory:

Armour
 a - a +0 robe (worn)
 c - a +1 cloak (worn)
 y - +0 acid dragon scales
Jewellery
 e - an amulet of the acrobat
 h - a ring of magical power (right blade hand)
 i - an amulet of regeneration (around neck)
 x - a ring of protection from cold (left blade hand)
 A - a ring of protection from cold
Wands
 r - a wand of iceblast (3)
 t - a wand of digging (5)
 w - a wand of charming (9)
Scrolls
 d - 5 scrolls of teleportation
 f - a scroll of enchant weapon
 g - a scroll of enchant armour
 k - 3 scrolls of magic mapping
 p - a scroll of fear
 q - a scroll of identify
Potions
 b - 2 potions of invisibility
 j - a potion of cancellation
 l - 3 potions of brilliance
 m - a potion of might
 n - a potion of resistance
 o - 3 potions of lignification
 s - 2 potions of attraction
 u - a potion of flight
 v - a potion of haste
 z - a potion of magic
 B - a potion of heal wounds {unknown}
 C - a potion of curing


   Skills:
 + Level 6.1 Fighting
 * Level 3.7 Armour
 + Level 5.3 Dodging
 * Level 9.4 Unarmed Combat
 + Level 6.1 Spellcasting
 * Level 9.3 Transmutations
 - Level 4.0 Ice Magic
 - Level 3.0 Poison Magic
 + Level 6.0 Invocations


You had 9 spell levels left.
You knew the following spells:

 Your Spells              Type           Power      Damage    Failure   Level
a - Beastly Appendage     Tmut           100%       N/A       8%          1
b - Spider Form           Tmut/Pois      19%        N/A       19%         3
c - Ice Form              Ice/Tmut       42%        N/A       30%         4
d - Blade Hands           Tmut           27%        N/A       30%         5

Your spell library contained the following spells:

 Spells                   Type           Power      Damage    Failure   Level
 Wereblood                Tmut           54%        N/A       9%          2


Dungeon Overview and Level Annotations

Branches:
Dungeon (11/15)            Temple (1/1) D:5
   Lair: D:8-11         Orc: D:9-12

Altars:
Ashenzari
Cheibriados
Dithmenos
Elyvilon
Fedhas
Gozag
Hepliaklqana
Kikubaaqudgha
Makhleb
Nemelex Xobeh
Okawaru
Qazlal
Ru
Sif Muna
Trog
Uskayaw
Vehumet
Wu Jian
Xom
Yredelemnul
Zin
The Shining One

Annotations:
D:10 3 runed translucent doors, semitonal's ghost, journeyman GrEE


Innate Abilities, Weirdness & Mutations

Your serpentine skin is tough. (AC +3)
You have supernaturally acute eyesight. (SInv)
Armour fits poorly on your strangely shaped body.
Your system is resistant to poisons. (rPois)
You cover ground very slowly.
You can spit poison.
You have a snake-like lower body.
You are partially covered in slimy green scales. (AC +2)
You expend magic power (3 MP) to strengthen your wands.


Message History

The two-headed ogre is severely wounded.
The two-headed ogre hits you with a +0 giant club!
The two-headed ogre misses you. The yak closely misses you.
You barely miss the two-headed ogre. You punch the two-headed ogre.
The two-headed ogre is severely wounded.
The yak misses you.
The two-headed ogre hits you with a +0 giant club!!
The two-headed ogre barely misses you. The yak gores you but does no damage.
There are monsters nearby!
The yak gores you but does no damage. The yak gores you.
Casting: Blade Hands (dangerous; 4% risk of failure)
Confirm with . or Enter, or press ? or * to list all spells.
Your hands turn into razor-sharp scythe blades.
The yak gores you but does no damage. The yak misses you.
You hit the yak.
The yak is lightly wounded.
The yak gores you!
You slash the yak!
The yak is heavily wounded.
The yak gores you!
* * * LOW HITPOINT WARNING * * *
You hit the yak but do no damage.
The yak is heavily wounded.
You shred the yak!!!
You kill the yak!
Cheibriados appreciates the change of pace.
Your Invocations skill increases to level 6!
Abil: Spit Poison
Press: ? - help, Q - select action, (/) - cycle Shift-Dir - straight line, f - two-headed ogre
Aim: a two-headed ogre, wielding two +0 giant clubs (severely wounded)
The splash of poison hits the two-headed ogre.
The two-headed ogre is almost dead.
The two-headed ogre barely misses you. The two-headed ogre closely misses you.
You completely miss the two-headed ogre.
The two-headed ogre is almost dead.
The two-headed ogre hits you with a +0 giant club!
* * * LOW HITPOINT WARNING * * *
The two-headed ogre hits you with a +0 giant club!
You die...

......#.....## .......
.............. ^......
.............. .......
.............. ...≈≈..
............. .......
........##.. .......
#######.##..
......Y#############.##..
.....ZYO@............>#..
......Y##...###..######..
..##### #..##.##.#
#......#.# #..##.##.#
##..###..# #....†..#
#########


You could see a two-headed ogre, 3 yaks and a bullfrog simulacrum.

Vanquished Creatures
  Erica (D:7)
  An unseen horror (D:11)
  2 ugly things
  Maggie (D:9)
  A hornet (D:9)
  3 trolls
  A water elemental (D:11)
  Sigmund (D:3)
  22 yaks
  An acid dragon (D:11)
  4 orc warriors (D:11)
  5 ice beasts
  A sky beast (D:10)
  3 black bears
  A hornet zombie (D:11)
  11 ogres
  10 centaurs
  A kobold brigand (D:11)
  7 bullfrogs
  A gnoll sergeant (D:8)
  2 scorpions
  13 killer bees
  5 wights (D:9)
  5 howler monkeys
  2 electric eels (D:7)
  A bullfrog zombie (D:6)
  2 jellies
  5 hounds
  2 orc priests
  3 iguanas
  7 orc wizards
  10 worker ants
  A worker ant zombie (D:11)
  9 adders
  4 gnolls (D:8)
  A howler monkey skeleton (D:8)
  A shadow imp (D:7)
  4 ufetubi
  2 adder skeletons
  A worm (D:2)
  2 dart slugs (D:3)
  3 leopard geckos
  32 orcs
  9 giant cockroaches
  4 hobgoblins
  12 jackals
  13 kobolds
  5 quokkas
  A ball python (D:5)
  7 bats
  7 frilled lizards
  13 goblins
  8 rats
274 creatures vanquished.

Vanquished Creatures (others)
  23 fungi
  29 plants (D:11)
  4 toadstools (D:10)
56 creatures vanquished.

Grand Total: 330 creatures vanquished

Notes
Turn   | Place    | Note
-------+----------+-------------------------------------------
     0 | D:1      | kae the Naga Transmuter began the quest for the Orb.
     0 | D:1      | Reached XP level 1. HP: 18/18 MP: 3/3
   425 | D:1      | Reached XP level 2. HP: 19/25 MP: 3/5
  1618 | D:1      | Reached XP level 3. HP: 25/31 MP: 4/6
  1622 | D:1      | Learned a level 3 spell: Spider Form
  2466 | D:2      | Reached XP level 4. HP: 22/38 MP: 4/7
  3287 | D:2      | Reached skill level 1 in Poison Magic
  3507 | D:3      | Reached XP level 5. HP: 2/44 MP: 4/8
  3964 | D:3      | Learned a level 4 spell: Ice Form
  4099 | D:3      | Noticed Sigmund
  4621 | D:3      | Found a sacrificial altar of Ru.
  4775 | D:3      | Killed Sigmund
  4776 | D:3      | Reached XP level 6. HP: 15/52 MP: 7/10
  5854 | D:5      | Entered Level 5 of the Dungeon
  5878 | D:5      | Noticed an ice beast
  5892 | D:5      | Killed an ice beast
  5893 | D:5      | Reached XP level 7. HP: 34/60 MP: 8/11
  6217 | D:5      | Found an ancient bone altar of Kikubaaqudgha.
  6217 | D:5      | Found a blossoming altar of Fedhas.
  6351 | D:5      | Found a staircase to the Ecumenical Temple.
  6371 | Temple   | Entered the Ecumenical Temple
  6583 | Temple   | Became a worshipper of Cheibriados the Contemplative
  6714 | D:5      | Gained mutation: You are partially covered in slimy green
                  | scales. (AC +2) [potion of mutation]
  6714 | D:5      | Gained mutation: You expend magic power (3 MP) to
                  | strengthen your wands. [potion of mutation]
  6719 | D:5      | Reached skill level 5 in Unarmed Combat
  7227 | D:5      | Reached skill level 1 in Invocations
  7487 | D:6      | Reached skill level 5 in Transmutations
  7487 | D:6      | Reached XP level 8. HP: 53/68 MP: 13/13
  7604 | D:6      | Found a hide-covered altar of Uskayaw.
  7605 | D:6      | Found a glowing golden altar of the Shining One.
  7610 | D:6      | Found an iron altar of Okawaru.
  7611 | D:6      | Found a shimmering blue altar of Sif Muna.
  7611 | D:6      | Found a glowing silver altar of Zin.
  7611 | D:6      | Found a white marble altar of Elyvilon.
  7629 | D:6      | Found a broken altar of Ashenzari.
  7630 | D:6      | Found a shadowy altar of Dithmenos.
  8019 | D:7      | Learned a level 5 spell: Blade Hands
  8029 | D:7      | Reached * piety under Cheibriados
  8146 | D:7      | Reached skill level 1 in Ice Magic
  8278 | D:7      | HP: 1/69 [ice beast (14)]
  8286 | D:7      | Reached XP level 9. HP: 31/76 MP: 15/15
  8719 | D:8      | Noticed Erica
  8734 | D:7      | Killed Erica
  8881 | D:8      | Reached ** piety under Cheibriados
  8956 | D:8      | Reached XP level 10. HP: 80/87 MP: 16/16
  9985 | D:9      | Reached skill level 5 in Spellcasting
 10022 | D:9      | Noticed Maggie
 10449 | D:9      | Reached skill level 5 in Fighting
 10451 | D:9      | Reached *** piety under Cheibriados
 10509 | D:9      | Killed Maggie
 10740 | D:10     | Entered Level 10 of the Dungeon
 10740 | D:10     | Noticed a cyan ugly thing
 11099 | D:10     | Reached skill level 1 in Armour
 11340 | D:10     | Killed a cyan ugly thing
 11341 | D:10     | Reached skill level 5 in Invocations
 11436 | D:10     | Found a runed translucent gate.
 11436 | D:10     | Found a runed translucent gate.
 11436 | D:10     | Found a runed translucent gate.
 11466 | D:10     | Noticed semitonal's ghost (journeyman GrEE)
 11576 | D:10     | Reached XP level 11. HP: 88/96 MP: 19/19
 11798 | D:10     | Reached **** piety under Cheibriados
 12322 | D:11     | HP: 2/96 [centaur/arrow (10)]
 12406 | D:11     | Noticed an unseen horror
 12416 | D:11     | Killed an unseen horror
 12471 | D:11     | Reached skill level 5 in Dodging
 12506 | D:11     | Reached ***** piety under Cheibriados
 12831 | D:11     | Noticed a white ugly thing
 12840 | D:11     | Killed a white ugly thing
 13135 | D:11     | Noticed a two-headed ogre
 13149 | D:11     | Slain by a two-headed ogre

Illustrated notes

Levels and vault maps discovered:
D:1:      amcnicky_arrival_flooded_fountain, layout_basic
D:2:      minmay_alternating_diamond, layout_loops_corners,
          minmay_misc_feat_enclosed, minmay_fractal_squares_gapless_5
D:3:      layout_rooms, nicolae_ru_the_path_less_chosen, kennysheep_nub,
          uniq_sigmund
D:4:      layout_basic
D:5:      layout_basic, grunt_temple_overflow_growth_and_decay,
          minmay_temple_entry_overgrown, minmay_manual_monolith
D:6:      layout_rooms, minitemple
D:7:      layout_rooms, chequers_serial_rivers_small_b, kennysheep_dice
D:8:      layout_loops_cross, uniq_erica
D:9:      layout_roguey, kennysheep_island_fort, uniq_maggie
D:10:     layout_grid_maze, gammafunk_ghost_spectres, minmay_gold_behind_fungi
D:11:     evilmike_iron_armoury, layout_basic, grunt_lair_entry_orc_guard_hut,
          serial_ice, serial_ice_d, serial_ice_c, serial_ice_g, serial_ice_j,
          serial_ice_a
Temple:   bh_familiar_temple

Skill      XL: |  1  2  3  4  5  6  7  8  9 10 11 |
---------------+----------------------------------+-----
Transmutations | 3 4 5 6 7 8 9 |  9.3
Poison Magic   | 1 3 |  3.0
Dodging        | 2 3 4 5 |  5.3
Fighting       | 2 3 4 5 6 |  6.1
Unarmed Combat | 4 5 6 7 8 9 |  9.4
Spellcasting   | 3 4 5 6 |  6.1
Invocations    | 1 2 3 5 6 |  6.0
Ice Magic      | 1 3 4 |  4.0
Armour         | 1 3 |  3.7

Action                   |  1- 3 |  4- 6 |  7- 9 | 10-12 || total
-------------------------+-------+-------+-------+-------++-------
Melee: Unarmed           |   108 |   144 |   201 |   314 ||   767
       Headbutt          |    10 |     2 |       |       ||    12
       Punch             |       |       |     1 |    18 ||    19
 Cast: Beastly Appendage |    23 |     5 |       |       ||    28
       Spider Form       |     1 |    11 |    28 |       ||    40
       Ice Form          |       |       |     2 |     3 ||     5
       Blade Hands       |       |       |     1 |    39 ||    40
Invok: Bend Time         |       |       |     2 |       ||     2
 Abil: Spit Poison       |    18 |    34 |     7 |     6 ||    65
Evoke: Wand              |       |       |     3 |       ||     3
  Use: Scroll            |       |     2 |    12 |     6 ||    20
       Potion            |       |       |     3 |     4 ||     7
 Stab: Sleeping          |     1 |     1 |       |       ||     2
Armor: Robe              |    31 |    35 |    12 |    98 ||   176
       Skin              |       |       |    42 |     6 ||    48
Dodge: Dodged            |    67 |   123 |   192 |   243 ||   625

Table legend: (Time is in decaauts)
 A = Elapsed time spent in this place.
 B = Non-inter-level travel time spent in this place.
 C = Inter-level travel time spent in this place.
 D = Time resting spent in this place.
 E = Time spent auto-exploring this place.
 F = Levels seen in this place.
 G = Mean time per level.
                   A        B        C        D        E       F      G
               +--------+--------+--------+--------+--------+-----+--------+
         Total |  18421 |  17716 |    705 |    711 |  14848 |  12 | 1535.1 |
       Dungeon |  18123 |  17456 |    667 |    711 |  14592 |  11 | 1647.5 |
        Temple |    298 |    261 |     37 |      0 |    256 |   1 |  298.0 |
               +--------+--------+--------+--------+--------+-----+--------+

Top non-repeatable levels by time:
    D:10: 3153 daAuts
     D:1: 2576 daAuts
     D:9: 1756 daAuts
     D:2: 1693 daAuts
     D:8: 1617 daAuts
     D:5: 1584 daAuts
     D:3: 1531 daAuts
    D:11: 1157 daAuts
     D:7: 1122 daAuts
     D:4: 1082 daAuts
     D:6: 848 daAuts
  Temple: 298 daAuts
